 Dungeon Crawl Stone Soup version 0.30.1-11-g7821555f0a (webtiles) character file.

Game seed: 18211474701910661961

397 KittyFluff the Covered (level 6, -2/58 HPs)
             Began as a Gargoyle Berserker on Nov 24, 2023.
             Was a Believer of Trog.
             Killed by divine providence
             ... invoked by an orc priest
              (10 damage)
             ... on level 4 of the Dungeon.
             The game lasted 00:11:43 (3173 turns).

KittyFluff the Covered (Gargoyle Berserker)         Turns: 3173, Time: 00:11:44

Health: -2/58      AC:  9    Str: 22    XL:     6   Next: 83%
Magic:  6/6        EV: 17    Int:  8    God:    Trog [**....]
Gold:   133        SH:  0    Dex:  9    Spells: 5/5 levels left

rFire   . . .        a - +0 mace
rCold   . . .        (no shield)
rNeg    + . .        p - +0 leather armour
rPois   ∞            q - +0 helmet
rElec   +            (no cloak)
rCorr   .            (no gloves)
SInv    .            (no boots)
Will    .....        (no amulet) Stlth
                     o - +5 ring of evasion
HPRegen 0.29/turn    (no ring)
MPRegen 0.10/turn

%: no passive effects
@: berserking, very quick
A: sickness immunity, AC +4, negative energy resistance 1, electricity
resistance, torment resistance 1, petrification resistance
a: Renounce Religion, Berserk, Trog's Hand


You were on level 4 of the Dungeon.
You worshipped Trog.
Trog was pleased with you.
You visited 1 branch of the dungeon, and saw 4 of its levels.

You collected 133 gold pieces.

Inventory:

Hand Weapons
 a - a +0 mace (weapon)
 n - a +0 sling
 s - a +0 quarterstaff
 t - a +0 flail
Missiles
 i - 9 poisoned darts (quivered)
Armour
 p - a +0 leather armour (worn)
 q - a +0 helmet (worn)
Jewellery
 g - a ring of fire
 k - an amulet of magic regeneration
 o - a +5 ring of evasion (left hand)
Scrolls
 b - a scroll of vulnerability {unknown}
 c - 3 scrolls of identify {unknown}
 f - a scroll of immolation {unknown}
 h - a scroll of fear {unknown}
 r - a scroll of enchant weapon {unknown}
 u - a scroll of noise {unknown}
Potions
 d - 2 potions of curing {unknown}
 e - a potion of cancellation {unknown}
 j - 3 potions of heal wounds {unknown}
 l - a potion of mutation {unknown}
 m - 2 potions of magic {unknown}
 v - a potion of lignification {unknown}


   Skills:
 + Level 4.3 Fighting
 + Level 3.9 Maces & Flails
 * Level 4.4 Armour
 * Level 3.3 Dodging
 + Level 2.7 Stealth


You had 5 spell levels left.
You didn't know any spells.
Your spell library was empty.

Dungeon Overview and Level Annotations

Branches:
Dungeon (4/15)
 Temple: D:4-7

Altars:
Elyvilon
Fedhas
Okawaru
Qazlal
Zin


Innate Abilities, Weirdness & Mutations

You are immune to sickness and miasma.
Your stone body is resilient. (AC +4)
You are immune to poison.
You resist negative energy. (rN+)
You are resistant to electric shocks. (rElec)
You are resistant to unholy torment.
You are immune to petrification.


Message History

The scorpion barely misses you.
The orc priest invokes the aid of Beogh against you.
Beogh smites you!
You hit the scorpion.
The scorpion is moderately wounded.
The scorpion misses you. The scorpion barely misses you.
You hit the scorpion.
The scorpion is heavily wounded.
The orc priest miscasts a cantrip.
The scorpion stings you.
You barely miss the scorpion.
The scorpion is heavily wounded.
The scorpion stings you but does no damage.
The scorpion closely misses you.
You closely miss the scorpion.
The scorpion is heavily wounded.
The scorpion stings you but does no damage.
You hit the scorpion.
The scorpion is severely wounded.
The scorpion completely misses you.
The orc priest mumbles some strange prayers to Beogh against you.
Beogh smites you!
* * * LOW HITPOINT WARNING * * *
A red film seems to cover your vision as you go berserk!
You feel yourself moving faster!
You feel mighty! The scorpion closely misses you.
The orc priest looks satisfied for a moment.
The scorpion stings you.
* * * LOW HITPOINT WARNING * * *
You barely miss the scorpion.
The scorpion is severely wounded.
The scorpion closely misses you.
You sock the scorpion!
You kill the scorpion!
Trog accepts your kill.
You barely miss the orc. You closely miss the orc.
The orc priest mumbles some strange prayers to Beogh against you.
Beogh smites you!
You die... ### #.# ... #.# ..o #.# ooO.

#.# ..... #.# .....## #.#
....... .[#.#
.......######## #.#.#
........ooo@..#####.#.#
#########O###....##.#.#
#.######..#.#.######
#...................
########...........<
##.....^.......
############..#...........
#...⌠#.....#.##...........
#)..##.......#.....#######


You could see an ogre, 2 orc priests and an orc.

Vanquished Creatures
  A black bear (D:3)
  2 scorpions (D:4)
  An iguana (D:4)
  An orc wizard (D:4)
  6 adders
  An ufetubus (D:2)
  4 worms
  2 dart slugs (D:2)
  6 orcs (D:4)
  5 ball pythons
  3 endoplasms
  4 goblins
  7 hobgoblins
  5 jackals
  6 kobolds
  3 quokkas
  2 bats
  6 rats
65 creatures vanquished.

Notes
Turn   | Place    | Note
-------+----------+-------------------------------------------
     0 | D:1      | KittyFluff the Gargoyle Berserker began the quest for the
                  | Orb.
     0 | D:1      | Reached XP level 1. HP: 14/14 MP: 1/1
   249 | D:1      | Reached XP level 2. HP: 19/19 MP: 2/2
   912 | D:2      | Reached XP level 3. HP: 21/23 MP: 3/3
   978 | D:2      | Reached ** piety under Trog
   979 | D:2      | Reached skill level 1 in Stealth
  1233 | D:2      | Found a faded altar of an unknown god.
  1308 | D:2      | Reached XP level 4. HP: 28/28 MP: 4/4
  1917 | D:3      | Found a glowing silver altar of Zin.
  1917 | D:3      | Found an iron altar of Okawaru.
  1936 | D:3      | Identified the +3 spear of Qirul {freeze, rF++ rC+ Stlth+}
  2053 | D:3      | Noticed a black bear
  2066 | D:3      | Killed a black bear
  2067 | D:3      | Reached XP level 5. HP: 3/33 MP: 5/5
  2395 | D:3      | Found a stormy altar of Qazlal.
  2810 | D:4      | Reached XP level 6. HP: 25/38 MP: 6/6
  2962 | D:4      | Found a blossoming altar of Fedhas.
  3107 | D:4      | Found a white marble altar of Elyvilon.
  3118 | D:4      | Reached *** piety under Trog
  3173 | D:4      | Killed from afar by an orc priest

Illustrated notes

Levels and vault maps discovered:
D:1:      amcnicky_arrival_wind_blow, layout_loops_corners, nicolae_wormholes
D:2:      layout_loops_ring, ebering_ecumenical_altar_webs, nicolae_hexahallways
D:3:      layout_loops_corners, lemuel_doored_altar,
          gammafunk_temple_overflow_statue, nicolae_elevator_lobby_asterisk
D:4:      layout_rooms, fedhas_ov_isle_minmay, mainiacjoe_overflow_alcove_2,
          minmay_temple_entry_offerings, bh_walls_and_bars

Skill      XL: |  1  2  3  4  5 |
---------------+----------------+-----
Dodging        | 2 3 |  3.3
Stealth        | 1 2 |  2.7
Armour         | 3 4 |  4.4
Fighting       | 4 |  4.3
Maces & Flails | |  3.9

Action                     |  1- 3 |  4- 6 || total
---------------------------+-------+-------++-------
  Melee: Mace              |    82 |   165 ||   247
         Punch             |     2 |       ||     2
 Invoke: Berserk           |       |     1 ||     1
   Stab: Sleeping          |       |     3 ||     3
 Armour: Animal skin       |     3 |       ||     3
         Leather armour    |    41 |    55 ||    96
  Dodge: Dodged            |    48 |   139 ||   187
